 Dungeon Crawl Stone Soup version 0.27.1-4-g1640c2035a (webtiles) character file.

Game seed: 17085183670886383514

18 Almogavar the Skirmisher (level 2, -1/27 HPs)
             Began as a Hill Orc Fighter on Nov 9, 2021.
             Slain by an orc priest (4 damage)
             ... on level 2 of the Dungeon.
             The game lasted 00:01:44 (1387 turns).

Almogavar the Skirmisher (Hill Orc Fighter)         Turns: 1387, Time: 00:01:45

Health: -1/27      AC:  6    Str: 18    XL:     2   Next: 66%
Magic:  2/2        EV:  7    Int:  8    God:
Gold:   34         SH:  9    Dex: 10    Spells: 1/1 levels left

rFire    . . .     SeeInvis .   a - +0 war axe
rCold    . . .     Faith    .   c - +0 kite shield
rNeg     . . .     Spirit   .   b - +0 scale mail
rPois    .         Reflect  .   (no helmet)
rElec    .         Harm     .   (no cloak)
rCorr    .         Rampage  .   (no gloves)
Will     .....                  (no boots)
Stlth    ..........             (no amulet)
HPRegen  0.09/turn              (no ring)
MPRegen  0.08/turn              (no ring)

@: no status effects
A: no striking features
a: Convert to Beogh


You were on level 2 of the Dungeon.
You visited 1 branch of the dungeon, and saw 2 of its levels.

You collected 34 gold pieces.

Inventory:

Hand Weapons
 a - a +0 war axe (weapon)
Armour
 b - a +0 scale mail (worn)
 c - a +0 kite shield (worn)
Scrolls
 g - a scroll of noise {unknown}
 h - a scroll of identify {unknown}
Potions
 d - a potion of might
 e - a potion of brilliance {unknown}
 f - 2 potions of haste {unknown}
 i - a potion of curing {unknown}


   Skills:
 + Level 4.0 Fighting
 + Level 3.0 Axes
 + Level 3.6 Armour
 + Level 3.5 Shields


You had one spell level left.
You didn't know any spells.
Your spell library was empty.

Dungeon Overview and Level Annotations

Branches:
Dungeon (2/15)

Altars:


Message History

You block the orc priest's attack. You block the orc's attack.
The orc hits you but does no damage.
You barely miss the orc.
The orc is heavily wounded.
You closely miss the orc. You closely miss the orc priest.
You block the orc priest's attack. The orc hits you but does no damage. x2
The orc priest hits you with a +0 hand axe.
Unknown command.
You hit the orc.
You kill the orc!
You barely miss the orc priest. You hit the orc but do no damage.
The orc priest shouts, "Beogh is our master!
Accept the truth or die!"
The orc closely misses you. You block the orc priest's attack.
The orc hits you but does no damage.
The orc priest invokes the aid of Beogh against you.
Pain shoots through your body!
You are too injured to fight recklessly!
Unknown command.
You are too injured to fight recklessly!
Unknown command.
Unknown command.
You are too injured to fight recklessly!
You slash the orc priest!
The orc priest is heavily wounded.
You closely miss the orc. You block the orc's attack.
The orc priest hits you with a +0 hand axe.
You block the orc's attack.
You closely miss the orc priest.
The orc priest is heavily wounded.
You hit the orc.
The orc priest hits you but does no damage.
The orc hits you with a +0 club.
The orc priest hits you with a +0 hand axe.
* * * LOW HITPOINT WARNING * * *
You barely miss the orc priest.
The orc priest is heavily wounded.
You closely miss the orc. The orc hits you with a +0 club.
* * * LOW HITPOINT WARNING * * *
The orc priest hits you with a +0 hand axe.
You die...

.o#. ..# ....
#...# ...# ...#
####..# ...#
....... ...#
#....###.#
+........#
#.....#oo#
#...#.#@)########
#...#.#.........#
#.. #.#...#####.#
#.. #.#...#... #.
#.#...#.# #.
#.......#
#.......#
#.......##
##....#....


You could see an orc priest and an orc.

Vanquished Creatures
  An orc (D:2)
  A ball python (D:1)
  A bat (D:1)
  An endoplasm (D:1)
  A giant cockroach (D:1)
  A goblin (D:1)
  2 hobgoblins (D:1)
  2 quokkas (D:1)
  4 frilled lizards (D:1)
  A kobold (D:1)
15 creatures vanquished.

Notes
Turn   | Place    | Note
-------+----------+-------------------------------------------
     0 | D:1      | Almogavar the Hill Orc Fighter began the quest for the Orb.
     0 | D:1      | Reached XP level 1. HP: 19/19 MP: 1/1
   256 | D:1      | Reached XP level 2. HP: 26/27 MP: 2/2
   399 | D:1      | Found a faded altar of an unknown god.
   763 | D:1      | Reached skill level 4 in Fighting
  1387 | D:2      | Slain by an orc priest

Illustrated notes

Levels and vault maps discovered:
D:1:      nagdon_arrival_zigzag_paths, layout_basic, basic_ecumenical_altar
D:2:      layout_basic, basic_altar, grunt_ministairs_3, minmay_tromino_v4_b

Skill      XL: |  1  2 |
---------------+-------+-----
Axes           | 3 |  3.0
Fighting       | 4 |  4.0
Armour         | |  3.6
Shields        | |  3.5

Action                   || total
-------------------------++-------
Melee: War axe           ||    51
Armor: Scale mail        ||    16
Dodge: Dodged            ||    18
Block: Kite shield       ||    25
